 Dungeon Crawl Stone Soup version 0.30-a0-900-g23479c02f2 (webtiles) character file.

Game seed: 12845796171896907290

2696570 MrSquiggles the Impregnable (level 27, 237/237 HPs)
             Began as a Minotaur Fighter on Mar 16, 2023.
             Was the Champion of Hepliaklqana.
             Escaped with the Orb
             ... and 5 runes on Mar 18, 2023!
             The game lasted 05:41:35 (89576 turns).

MrSquiggles the Impregnable (Minotaur Fighter)     Turns: 89576, Time: 05:41:35

Health: 237/237    AC: 54    Str: 26    XL:     27
Magic:  32/32      EV: 22    Int: 12    God:    Hepliaklqana [******]
Gold:   2632       SH: 30    Dex: 30    Spells: 26/26 levels left

rFire   + . .      SeeInvis +    Y - +3 trishula (holy)
rCold   + . .      Faith    +    H - +2 tower shield {AC+3}
rNeg    + + +      Spirit   .    M - +10 gold dragon scales
rPois   +          Reflect  .    n - +3 crown of Dyrovepreva {rElec Int+2 SInv}
rElec   +          Rampage  .    y - +4 dragonskin cloak
rCorr   .                        j - +1 pair of gloves
Will    +++..                    W - +2 pair of boots {Stlth+} Stlth
                                 S - amulet of faith
HPRegen 1.39/turn                p - ring "Tistadd" {Fly rF- rN+++ Will+ Dex+5}
MPRegen 0.23/turn                x - ring "Cuhoib" {rF+ Str+3 Int+6 Slay+2}

@: flying, studying 4 skills
A: reduced essence, horns 2, retaliatory headbutt, fangs 1, agile 1, low MP 1,
regeneration 1
0: Orb of Zot
}: 5/15 runes: serpentine, barnacled, slimy, silver, abyssal
a: Renounce Religion, Recall Ancestor, Ancestor Identity, Transference, Idealise


You escaped.
You worshipped Hepliaklqana.
Hepliaklqana was exalted by your worship.
You visited 11 branches of the dungeon, and saw 55 of its levels.
You visited the Abyss 1 time.
You visited 2 bazaars.
You also visited: Sewer, Bailey and Volcano.

You collected 7745 gold pieces.
You spent 5113 gold pieces at shops.

Inventory:

Hand Weapons
 a - a +9 vampiric trident
 b - a +9 demon trident of flaming
 c - the +18 lance "Wyrmbane" {slay drac, rPois rF+ rC+ AC+3}
   (You found it on level 3 of the Elven Halls)

   AC:        It affects your AC (+3).
   rF:        It protects you from fire.
   rC:        It protects you from cold.
   rPois:     It protects you from poison.
 i - the +4 consecrated labrys {holy, Valiant Fragile Fly SInv}
   (You found it on level 3 of the Shoals)

   Valiant:   It becomes more powerful as more dangerous foes come into view.
   SInv:      It lets you see invisible.
   Fly:       It grants you flight.
   Fragile:   It will be destroyed if unequipped.
 z - the +5 woodcutter's axe
   (You took it off a gnoll bouda on level 8 of the Dungeon)
 D - the +7 captain's cutlass {speed, disarm}
   (You found it on level 7 of the Dungeon)
 Y - a +3 trishula of holy wrath (weapon)
Missiles
 t - 18 silver javelins
 A - 7 silver boomerangs
 P - 7 throwing nets
 Q - a curare-tipped dart
 V - 17 javelins (quivered)
Armour
 j - a +1 pair of gloves (worn)
 n - the +3 crown of Dyrovepreva (worn) {rElec Int+2 SInv}
   (You bought it in a shop on level 2 of the Orcish Mines)

   Int:       It affects your intelligence (+2).
   rElec:     It insulates you from electricity.
   SInv:      It lets you see invisible.
 q - the +0 faerie dragon scales {Harm +Blink rCorr Int-2 Stlth+}
   (You took it off the Enchantress on level 3 of the Depths)

   Int:       It affects your intelligence (-2).
   +Blink:    It lets you blink.
   rCorr:     It protects you from acid and corrosion.
   Harm:      It increases damage dealt and taken.
   Stlth:     It makes you more stealthy.
 y - the +4 dragonskin cloak (worn)
   (You took it off Tiamat on level 4 of the Realm of Zot)

   Avatar's Aegis: It grants the wearer a chance to resist fire, cold, poison,
   electricity, acid, and negative energy.
 H - a +2 tower shield of protection (worn)
 M - +10 gold dragon scales (worn)
 W - a +2 pair of boots of stealth (worn)
Jewellery
 p - the ring "Tistadd" (left hand) {Fly rF- rN+++ Will+ Dex+5}
   (You acquired it on level 5 of the Vaults)

   [ring of flight]

   Dex:       It affects your dexterity (+5).
   rF:        It makes you vulnerable to fire.
   rN:        It renders you almost immune to negative energy.
   Fly:       It grants you flight.
   Will:      It increases your willpower.
 u - the amulet of the Four Winds {rN+ Will+++ Clar}
   (You found it on level 3 of the Crypt)

   [amulet of nothing]

   rN:        It protects you from negative energy.
   Clar:      It protects you against confusion.
   Will:      It greatly increases your willpower.
 v - the ring of the Tortoise {AC+8}
   (You bought it in a shop on level 3 of the Elven Halls)

   [ring of protection]

   AC:        It affects your AC (+8).
 x - the ring "Cuhoib" (right hand) {rF+ Str+3 Int+6 Slay+2}
   (You bought it in a shop on level 3 of the Elven Halls)

   [ring of intelligence]

   Str:       It affects your strength (+3).
   Int:       It affects your intelligence (+6).
   Slay:      It affects your accuracy & damage with ranged weapons and melee
   (+2).
   rF:        It protects you from fire.
 S - an amulet of faith (around neck)
Wands
 l - a wand of digging (11)
 L - a wand of paralysis (26)
 T - a wand of acid (13)
 U - a wand of iceblast (26)
Scrolls
 h - 10 scrolls of immolation
 o - 6 scrolls of fog
 s - 6 scrolls of blinking
 B - 21 scrolls of teleportation
 N - 5 scrolls of butterflies
 O - 2 scrolls of silence
 X - 9 scrolls of fear
 Z - 12 scrolls of poison
Potions
 d - 2 potions of might
 e - 3 potions of resistance
 g - 20 potions of curing
 k - a potion of invisibility
 r - a potion of haste
 w - 6 potions of magic
 C - 4 potions of ambrosia
 E - 6 potions of heal wounds
 J - 6 potions of mutation
 K - 10 potions of cancellation
Miscellaneous
 f - a phial of floods
 m - a phantom mirror
 F - a tin of tremorstones (2/2)
 G - a box of beasts (inert)
 I - a lightning rod (4/4)
 R - a condenser vane


   Skills:
 + Level 24.4 Fighting
 + Level 21.1 Polearms
 - Level 16.0 Throwing
 + Level 24.9 Armour
 + Level 20.3 Dodging
 + Level 24.4 Shields
 + Level 20.1 Invocations
 + Level 17.6 Evocations


You had 26 spell levels left.
You didn't know any spells.
Your spell library contained the following spells:

 Spells                   Type           Power      Damage    Failure   Level
 Foxfire                  Conj/Fire      0%         2x1d4     98%         1
 Freeze                   Ice            0%         1d3       98%         1
 Kiss of Death            Conj/Necr      0%         2d5       98%         1
 Magic Dart               Conj           0%         1d3       98%         1
 Sting                    Tmut/Pois      0%         1d3       98%         1
 Summon Small Mammal      Summ           0%         N/A       98%         1
 Call Imp                 Summ           0%         N/A       99%         2
 Cigotuvi's Dreadful Rot  Necr/Pois/Air  0%         N/A       99%         2
 Ensorcelled Hibernation  Hex/Ice        0%         N/A       99%         2
 Lesser Beckoning         Tloc           0%         N/A       99%         2
 Momentum Strike          Conj/Tloc      0%         3d8       99%         2
 Passwall                 Tmut/Erth      0%         N/A       99%         2
 Poisonous Vapours        Pois/Air       0%         N/A       99%         2
 Scorch                   Fire           0%         2d5       99%         2
 Static Discharge         Conj/Air       0%         2-2/arc   99%         2
 Sublimation of Blood     Necr           0%         N/A       99%         2
 Call Canine Familiar     Summ           0%         N/A       100%        3
 Confusing Touch          Hex            0%         N/A       100%        3
 Dazzling Flash           Conj/Hex       0%         N/A       100%        3
 Frozen Ramparts          Ice            0%         1d1       100%        3
 Gell's Gravitas          Tloc           0%         N/A       100%        3
 Hailstorm                Conj/Ice       0%         3d3       100%        3
 Ignite Poison            Fire/Tmut/Pois 0%         N/A       100%        3
 Inner Flame              Hex/Fire       0%         N/A       100%        3
 Mephitic Cloud           Conj/Pois/Air  0%         N/A       100%        3
 Portal Projectile        Hex/Tloc       0%         N/A       100%        3
 Spider Form              Tmut/Pois      0%         N/A       100%        3
 Summon Guardian Golem    Hex/Summ       0%         N/A       100%        3
 Swiftness                Air            0%         N/A       100%        3
 Teleport Other           Tloc           0%         N/A       100%        3
 Tukima's Dance           Hex            0%         N/A       100%        3
 Airstrike                Air            0%         2d(0-16)  100%        4
 Animate Dead             Necr           0%         N/A       100%        4
 Cause Fear               Hex            0%         N/A       100%        4
 Dispel Undead            Necr           0%         3d6       100%        4
 Flame Wave               Conj/Fire      0%         2d4       100%        4
 Fulminant Prism          Conj/Hex       0%         3d5       100%        4
 Ice Form                 Ice/Tmut       0%         N/A       100%        4
 Leda's Liquefaction      Hex/Erth       0%         N/A       100%        4
 Olgreb's Toxic Radiance  Pois           0%         N/A       100%        4
 Passage of Golubria      Tloc           0%         N/A       100%        4
 Summon Ice Beast         Ice/Summ       0%         N/A       100%        4
 Summon Lightning Spire   Summ/Air       0%         N/A       100%        4
 Agony                    Necr           0%         N/A       100%        5
 Alistair's Intoxication  Tmut/Pois      0%         N/A       100%        5
 Blade Hands              Tmut           0%         N/A       100%        5
 Borgnjor's Vile Clutch   Necr/Erth      0%         N/A       100%        5
 Fireball                 Conj/Fire      0%         3d3       100%        5
 Freezing Cloud           Conj/Ice/Air   0%         6-21      100%        5
 Irradiate                Conj/Tmut      0%         3d11      100%        5
 Iskenderun's Battlesphe  Conj           0%         2d6       100%        5
 Lightning Bolt           Conj/Air       0%         1d11      100%        5
 Silence                  Hex/Air        0%         N/A       100%        5
 Summon Forest            Summ/Tloc      0%         N/A       100%        5
 Summon Mana Viper        Hex/Summ       0%         N/A       100%        5
 Yara's Violent Unravell  Hex/Tmut       0%         3d3       100%        5
 Conjure Ball Lightning   Conj/Air       0%         3x3d6     100%        6
 Death Channel            Necr           0%         N/A       100%        6
 Dispersal                Tloc           0%         N/A       100%        6
 Eringya's Noxious Bog    Tmut/Pois      0%         N/A       100%        6
 Iron Shot                Conj/Erth      0%         9d1       100%        6
 Simulacrum               Ice/Necr       0%         N/A       100%        6
 Starburst                Conj/Fire      0%         6d3       100%        6
 Summon Cactus Giant      Summ           0%         N/A       100%        6
 Dragon Form              Tmut           0%         N/A       100%        7
 Haunt                    Necr/Summ      0%         N/A       100%        7
 Orb of Destruction       Conj           0%         9d5       100%        7
 Ozocubu's Refrigeration  Ice            0%         4d7       100%        7
 Spellforged Servitor     Conj/Summ      0%         N/A       100%        7
 Borgnjor's Revivificati  Necr           0%         N/A       100%        8
 Discord                  Hex            0%         N/A       100%        8
 Disjunction              Tloc           0%         N/A       100%        8
 Ignition                 Fire           0%         3d3       100%        8
 Infestation              Necr           0%         N/A       100%        8
 Lehudib's Crystal Spear  Conj/Erth      0%         10d2      100%        8
 Maxwell's Capacitive Co  Air            0%         ∞         100%        8
 Dragon's Call            Summ           0%         N/A       100%        9
 Fire Storm               Conj/Fire      0%         5d1       100%        9


Dungeon Overview and Level Annotations

Branches:
Dungeon (15/15)            Temple (0/1) D:5            Lair (5/5) D:11
 Shoals (4/4) Lair:2        Snake (4/4) Lair:2        Slime (5/5) Lair:5
    Orc (2/2) D:11            Elf (3/3) Orc:2        Vaults (5/5) D:13
  Crypt (3/3) Vaults:2       Tomb (0/3) Crypt:3      Depths (4/4) D:15
    Zot (5/5) Depths:4      Sewer (visited)          Bailey (visited)
Volcano (visited)

Altars:
Ashenzari
Dithmenos
Elyvilon
Fedhas
Gozag
Hepliaklqana
Kikubaaqudgha
Ru
Sif Muna
Trog
Uskayaw
Xom
Yredelemnul
Zin
Lugonu

Shops:
D:6 :   D:7 *   Orc:2 [[?(:   Elf:3 =:=   Shoals:4 :   Snake:2 *:*??
Vaults:3 =   Vaults:4 [

Portals:
Hell: Depths:1 Depths:2 Depths:3 Depths:4
Abyss: Zot:1 Depths:3
Pandemonium: Depths:2 Depths:3 Depths:4
Ziggurat: Depths:3

Annotations:
Zot:1 2 transporters, Cemmere's ghost, veteran TrCK


Innate Abilities, Weirdness & Mutations

Your life essence is reduced to manifest your ancestor. (-10% HP)
You have a pair of horns on your head.
You reflexively headbutt those who attack you in melee.
You have very sharp teeth.
You are agile. (Dex +4, Str/Int -1)
Your magical capacity is low. (-10% MP)
Your natural rate of healing is unusually fast.


Message History

There is a stone staircase leading up here.
You fly upwards.
There is a stone staircase leading down here.
There is an entrance to Fal Hedgh's Assorted Antiques here.
There is a stone staircase leading up here.
You fly upwards.
There is a stone staircase leading down here.
There is a stone staircase leading up here.
You fly upwards.
There is a stone staircase leading down here.
There is a stone staircase leading up here.
You fly upwards.
There is a stone staircase leading down here.
There is a stone staircase leading up here.
You fly upwards.
There is a stone staircase leading down here.
Aiming: Dig
Press: ? - help, Shift-Dir - straight line, f - you Please select a direction to dig.
A stone staircase leading down.
This square is covered in magical glow.
The rock shatters into small pieces.
There is a stone staircase leading up here.
You fly upwards.
There is a stone staircase leading down here.
There is a stone staircase leading up here.
You fly upwards.
There is a stone staircase leading down here.
There is an open door here.
Aiming: Dig
Press: ? - help, Shift-Dir - straight line A rock wall.
This square is covered in magical glow.
The rock shatters into small pieces.
Sanele is recalled.
There is a staircase leading out of the dungeon here.
You start resting.
Magic restored.
Okay, then.
You can't go down here!
You have escaped!

#.......## ##....# #.##.##
##.....## ####.# #....# ##...##
#.# ####.# ##'## #.# #.# #.# #.#
#.# #.# #.# #.# ##.## #.# #.#
##...## ############# #.#
#...#.####....R@.....######.#
#####.....................#####
##...........###'###...........##
......###.#####...#########......
...####.......#.>.#...#...####...
.###..#...'...'...'...'...#..###.
###...#...##.#######.##...#...###
..'...'...#### ####...'...'..
§.#...#...# #...#...#..


You could see the friendly Sanele the knight (reflecting).

Vanquished Creatures
  the Royal Jelly (Slime:5)
  Dissolution (Slime:2)
  4 dread liches (Zot:5)
  Tiamat (Zot:4)
  4 ancient liches
  Mennas (Depths:4)
  6 orbs of fire (Zot:5)
  A juggernaut (Zot:5)
  The ghost of sirJeffrey23 the Merry Human, a legendary HuHu of Uskayaw (Zot:5)
  Frederick (Vaults:3)
  5 caustic shrikes
  Margery (Vaults:1)
  the Enchantress (Depths:3)
  8 golden dragons
  Jory (Depths:4)
  A profane servitor (Crypt:3)
  Nikola (Snake:4)
  The ghost of Zissick the Minotaur Blade, an adept MiBr of Okawaru (Vaults:2)
  5 electric golems
  A Brimstone Fiend (Zot:3)
  2 doom hounds (Depths:3)
  15 tentacled monstrosities
  5 liches
  19 Orb Guardians
  Rupert (Orc:2)
  A deep elf master archer (Elf:1)
  Grunn (Depths:3)
  A deep elf blademaster (Elf:1)
  A titan (Vaults:5)
  A walking frostbound tome (Depths:2)
  5 quicksilver dragons
  15 acid blobs
  An Executioner (Depths:4)
  5 ancient champions
  4 death cobs
  Polyphemus (Shoals:3)
  7 sphinxes
  9 storm dragons
  2 tengu reavers
  8 draconian monks
  9 shadow dragons
  12 rockslimes
  3 azure jellies (Slime:5)
  Ilsuiw (Shoals:4)
  A revenant (Crypt:3)
  6 nagarajas
  4 draconian knights
  5 fire giants
  3 frost giants
  23 vault wardens
  A daeva (Abyss:3)
  Louise (Shoals:3)
  3 draconian stormcallers
  2 iron dragons (Vaults:5)
  5 deep elf sorcerers
  4 draconian scorchers
  3 draconian shifters
  2 ghost moths
  3 deep elf elementalists (Elf:3)
  17 ironbound preservers
  3 war gargoyles (Vaults:1)
  5 ghouls
  2 cacodemons
  A curse skull (Crypt:2)
  2 reapers
  An orc warlord (Orc:1)
  2 draconian annihilators
  4 spriggan defenders
  5 ironbound thunderhulks
  7 stone giants
  12 green draconians
  8 quicksilver oozes
  4 vampire knights
  14 very ugly things
  A caustic shrike skeleton (Crypt:3)
  The ghost of demibob the Severer, a journeyman HOWn of Beogh (Lair:5)
  4 deep elf demonologists (Elf:3)
  5 black draconians
  An eleionoma (Depths:3)
  Nessos (Lair:5)
  Azrael (Elf:2)
  5 dire elephants
  2 putrid mouths
  9 white draconians
  7 deep elf annihilators
  3 purple draconians (Zot:1)
  9 red draconians
  9 yellow draconians
  9 deep elf death magi
  6 eidola
  A crystal guardian (Vaults:2)
  2 fire dragons
  4 jiangshi
  A shambling mangrove (Abyss:3)
  6 merfolk impalers
  2 deep elf high priests
  7 ettins
  4 merfolk javelineers (Shoals:4)
  12 yaktaur captains
  9 great orbs of eyes
  2 entropy weavers
  2 spriggan zombies (Crypt:3)
  7 hydras
  A spectral tengu (Vaults:2)
  3 salamander tyrants (Snake:4)
  33 vault guards
  A rakshasa (Abyss:3)
  2 ogre magi (Orc:2)
  2 spriggan air magi
  2 catoblepae
  A ghost crab (Abyss:3)
  3 ice dragons
  4 peacekeepers
  2 anacondas
  2 merfolk avatars
  10 ironbound frosthearts
  7 boulder beetles
  A merfolk aquamancer (Shoals:2)
  18 dancing weapons
  A satyr (shapeshifter) (Vaults:5)
  16 two-headed ogres
  2 alligator snapping turtles (Shoals:3)
  13 centaur warriors
  2 tengu warriors (D:13)
  4 deep troll shamans
  7 vampire magi
  2 death knights
  A satyr (Depths:3)
  8 death yaks
  11 naga warriors
  2 hell hogs (Depths:1)
  A thrashing horror (Abyss:3)
  Urug (Lair:1)
  4 spriggan berserkers
  A deep troll earth mage (Depths:2)
  9 shock serpents
  4 naga sharpshooters
  2 sun demons (D:15)
  7 hell knights
  11 deep elf knights
  4 skysharks
  3 soul eaters
  A wretched star (Abyss:3)
  10 skeletal warriors
  4 iron trolls
  A spectral death yak (Lair:5)
  3 glowing orange brains
  6 sea snakes
  A spectral anaconda (Lair:5)
  4 salamander mystics
  3 bog bodies (Crypt:2)
  A shadow demon (Depths:4)
  2 flayed ghosts (Crypt:3)
  2 obsidian statues
  A death drake (Zot:4)
  13 deep elf archers
  An anaconda zombie (Crypt:2)
  45 deep trolls
  An anaconda skeleton (Crypt:3)
  17 ironbound convokers
  9 phantasmal warriors
  Pikel (D:8)
  13 lindwurms
  A goliath frog zombie (Crypt:3)
  18 deep elf zephyrmancers
  2 swamp dragons (Zot:4)
  8 wizards
  10 harpies
  17 deep elf pyromancers
  5 naga ritualists
  25 ugly things
  3 orc knights
  4 necromancers
  A wolf spider (shapeshifter) (Vaults:5)
  3 starcursed masses (Abyss:3)
  5 mana vipers
  5 cyclopes
  2 orc sorcerers (Orc:1)
  7 manticores
  20 salamanders
  A wolf spider (Vaults:5)
  An elephant (shapeshifter) (Depths:1)
  17 elephants
  2 fauns (Depths:3)
  24 moths of wrath
  4 shining eyes
  A black mamba (shapeshifter) (Vaults:4)
  4 large abominations
  A salamander (shapeshifter) (D:14)
  6 merfolk sirens
  A rust devil (Depths:4)
  A toenail golem (Volcano)
  An ice statue (D:13)
  15 vault sentinels
  Maurice (Orc:1)
  11 naga magi
  27 black mambas
  4 molten gargoyles (Volcano)
  4 guardian serpents
  4 smoke demons (Depths:1)
  3 centaur skeletons (D:13)
  8 cane toads
  2 apocalypse crabs (Abyss:3)
  5 water nymphs
  2 eyes of devastation
  A gargoyle (D:14)
  An orange demon (Depths:3)
  2 unseen horrors
  14 komodo dragons
  2 rime drakes
  A bunyip simulacrum (Crypt:3)
  4 tengu conjurers
  6 freezing wraiths
  25 yaktaurs
  2 kobold demonologists
  4 guardian mummies (Crypt:3)
  A spectral glowing shapeshifter (Vaults:2)
  A spectral ogre (Vaults:2)
  19 merfolk
  A minotaur skeleton (Crypt:2)
  2 red devils (Depths:3)
  9 trolls
  A harpy zombie (Crypt:3)
  A death drake zombie (Crypt:1)
  4 wind drakes
  3 hornets
  2 polar bears
  3 meliai (D:15)
  An ancient zyme (Abyss:3)
  A queen bee (D:15)
  Prince Ribbit (Lair:2)
  A meliai (shapeshifter) (D:15)
  32 blink frogs
  9 snapping turtles
  A raiju (shapeshifter) (Elf:2)
  A tengu simulacrum (Vaults:2)
  A dream sheep (shapeshifter) (Vaults:5)
  A harpy skeleton (Crypt:3)
  3 dream sheep (Lair:5)
  6 flying skulls (Crypt:1)
  5 air elementals
  64 slime creatures
  8 water elementals
  A fire giant simulacrum (Vaults:2)
  6 shadows
  A culicivora (shapeshifter) (Elf:1)
  A naga simulacrum (Crypt:3)
  5 basilisks
  81 yaks
  5 wyverns
  A spectral human (Vaults:2)
  3 vampires
  A ynoxinul (Abyss:3)
  7 wraiths
  8 golden eyes
  A death yak simulacrum (Lair:5)
  2 chaos spawn (Abyss:3)
  5 vampire mosquitoes
  7 fire elementals
  A steam dragon (D:9)
  2 wargs
  A spectral cane toad (Lair:5)
  40 nagas
  3 acid dragons
  A hell hound (Elf:2)
  A floating eye (Depths:2)
  8 water moccasins
  A faun skeleton (Crypt:3)
  18 orc warriors
  Pargi (Sewer)
  2 sky beasts
  6 ice beasts
  A black bear (D:4)
  21 ogres
  A boggart (D:13)
  4 wolves
  An elephant skeleton (Lair:5)
  A lemure (D:8)
  A blink frog skeleton (Crypt:3)
  6 centaurs
  A rime drake zombie (Crypt:1)
  A manticore skeleton (Crypt:3)
  2 phantoms
  19 kobold brigands
  Blork the orc (D:5)
  3 elf zombies (Elf:1)
  6 small abominations
  A necrophage (Crypt:2)
  6 bullfrogs
  An earth elemental (Volcano)
  2 gnoll sergeants
  2 scorpions (D:7)
  A cane toad simulacrum (Lair:5)
  A glowing shapeshifter simulacrum (Vaults:2)
  6 wights
  11 killer bees
  A polar bear zombie (Crypt:2)
  An elephant simulacrum (Lair:5)
  A troll skeleton (Crypt:3)
  4 electric eels
  2 howler monkeys (D:10)
  A black bear zombie (Crypt:1)
  A jelly (D:4)
  11 orc priests
  2 gnoll boudas
  A hound (D:7)
  An iron imp (Abyss:3)
  A sleepcap (D:6)
  2 iguanas
  6 orc wizards
  An acid dragon zombie (Crypt:3)
  An ogre skeleton (Crypt:2)
  A hound zombie (Crypt:3)
  7 gnolls
  A river rat (D:4)
  4 adders
  4 white imps
  A lava snake zombie (Crypt:1)
  3 worms
  41 orcs
  4 ball pythons
  5 endoplasms
  6 giant cockroaches
  8 hobgoblins
  7 jackals
  17 kobolds
  6 quokkas
  10 bats
  5 frilled lizards
  A gnoll skeleton (Crypt:1)
  9 goblins
  4 rats
  A river rat skeleton (Crypt:2)
  A plant (Depths:3)
  3 tentacles
1843 creatures vanquished.

Vanquished Creatures (collateral kills)
  3 orbs of fire
  Saint Roka (Orc:2)
  Bai Suzhen (Crypt:1)
  3 Killer Klowns (Zot:5)
  Xtahua (Vaults:3)
  The ghost of Yhaurph the Hoplite, an adept MiFi of Okawaru (Vaults:4)
  3 golden dragons
  3 bone dragons
  3 tentacled monstrosities
  A walking crystal tome (Depths:4)
  7 Orb Guardians (Zot:5)
  A deep elf blademaster (Elf:3)
  A lich (Depths:2)
  2 acid blobs (Slime:5)
  3 quicksilver dragons
  6 ancient champions
  2 krakens
  Gastronok (Lair:2)
  A thorn hunter (Depths:3)
  5 storm dragons
  A shadow dragon (Depths:2)
  A draconian monk (Zot:4)
  A tengu reaver (Depths:3)
  A draconian knight (Zot:2)
  2 rockslimes
  A nagaraja (Snake:4)
  2 deep elf sorcerers
  5 frost giants
  4 fire giants
  A deep elf elementalist (Elf:3)
  A draconian scorcher (Zot:3)
  A draconian shifter (Zot:4)
  5 vault wardens
  2 quicksilver oozes (Slime:5)
  A ghoul (Crypt:2)
  An angel (Depths:4)
  A spriggan defender (Depths:3)
  2 war gargoyles (Vaults:5)
  5 very ugly things
  7 ironbound preservers
  8 stone giants
  2 green draconians (Zot:4)
  6 deep elf annihilators
  2 deep elf demonologists
  A red draconian (Zot:2)
  2 black draconians
  3 purple draconians
  3 dire elephants
  3 white draconians
  4 yellow draconians
  3 fire dragons (Depths:4)
  A crystal guardian (Vaults:1)
  A deep elf death mage (Elf:3)
  4 great orbs of eyes
  3 yaktaur captains
  8 merfolk impalers
  3 ettins
  An entropy weaver (Vaults:4)
  2 rakshasas (Depths:3)
  A deep elf high priest (Elf:3)
  Josephine (D:12)
  7 jiangshi
  A spectral tengu (Vaults:2)
  3 spriggan air magi
  4 vault guards
  3 ogre magi
  2 salamander tyrants (Snake:4)
  An ironbound frostheart (Vaults:2)
  6 anacondas
  A peacekeeper (Vaults:1)
  2 centaur warriors (Vaults:2)
  An alligator snapping turtle (Shoals:4)
  3 merfolk aquamancers
  5 two-headed ogres
  A death knight (Crypt:1)
  3 vampire magi
  7 dancing weapons
  5 deep troll earth magi
  3 death yaks (Shoals:3)
  8 naga warriors
  A tengu warrior (D:15)
  A deep troll shaman (Depths:3)
  8 naga sharpshooters
  2 shock serpents
  An orc high priest (Elf:2)
  12 deep elf knights
  3 hell knights
  A fire crab (Abyss:3)
  3 skysharks
  A sun demon (D:15)
  A shadow wraith (Crypt:3)
  A wretched star (Abyss:3)
  10 skeletal warriors
  A spectral death yak (Lair:5)
  2 salamander mystics
  4 sea snakes
  24 deep trolls
  A naga ritualist (Snake:4)
  A glowing orange brain (Slime:5)
  An iron giant zombie (Crypt:3)
  A flayed ghost (Depths:1)
  5 lindwurms
  6 phantasmal warriors
  A deep elf archer (Elf:1)
  3 wizards
  7 ironbound convokers
  4 orc knights
  7 deep elf pyromancers
  2 necromancers
  A lindwurm (shapeshifter) (Vaults:5)
  An orc sorcerer (Vaults:5)
  6 harpies
  An oklob plant (Lair:2)
  7 manticores
  2 mana vipers (Snake:1)
  7 fauns
  3 salamanders
  9 deep elf zephyrmancers
  2 shining eyes
  10 ugly things
  An apocalypse crab (Abyss:3)
  6 moths of wrath
  4 water nymphs
  4 elephants
  A dire elephant zombie (Lair:5)
  9 black mambas
  9 vault sentinels
  3 merfolk sirens
  A guardian serpent (Snake:2)
  A centaur zombie (Crypt:3)
  An orange demon (Depths:4)
  3 eyes of devastation
  7 naga magi
  A gargoyle (D:12)
  3 cane toads
  2 centaur skeletons
  8 yaktaurs
  2 komodo dragons
  A naga skeleton (Crypt:3)
  2 unseen horrors
  A rime drake (Lair:1)
  2 ice devils
  A white draconian zombie (Crypt:1)
  3 efreet
  2 freezing wraiths (Crypt:1)
  4 tengu conjurers
  A red devil (Depths:3)
  A purple draconian skeleton (Crypt:2)
  16 merfolk
  A polar bear (Lair:5)
  A wind drake (Shoals:3)
  15 blink frogs
  A tarantella (shapeshifter) (Vaults:5)
  A dream sheep (Lair:5)
  6 snapping turtles
  A hornet (Abyss:3)
  A stone giant simulacrum (Vaults:2)
  2 wyverns
  29 slime creatures
  3 vampires
  14 yaks
  3 flying skulls (Crypt:1)
  4 water elementals
  4 wraiths
  A shadow (D:9)
  A ynoxinul (Abyss:3)
  3 fire elementals
  A basilisk (Lair:5)
  A black mamba skeleton (Crypt:3)
  An elf simulacrum (Vaults:2)
  A golden eye (Slime:1)
  A redback (shapeshifter) (Depths:2)
  A redback (Vaults:3)
  A steam dragon (D:8)
  A vampire mosquito (D:12)
  A yaktaur simulacrum (Vaults:2)
  24 nagas
  A swamp worm (shapeshifter) (Depths:2)
  3 wargs (Orc:2)
  3 large abominations
  A water moccasin (D:7)
  A floating eye (Depths:1)
  16 orc warriors
  An ice beast (D:6)
  A black bear (D:8)
  A sky beast (D:7)
  11 ogres
  3 centaurs
  A wolf (D:11)
  An elephant skeleton (Lair:5)
  4 small abominations
  2 elf zombies (Elf:1)
  4 kobold brigands
  3 bullfrogs
  2 earth elementals
  4 gnoll sergeants (D:8)
  4 necrophages
  2 scorpions (D:6)
  A water moccasin zombie (Crypt:1)
  3 wights
  5 killer bees (D:15)
  A shapeshifter skeleton (Crypt:2)
  6 electric eels
  3 howler monkeys
  2 hounds (D:5)
  A jelly (D:8)
  A sleepcap (D:5)
  8 orc priests
  A starcursed mass (Abyss:3)
  A gnoll bouda (D:8)
  10 orc wizards
  3 gnolls
  A swamp drake zombie (Crypt:3)
  2 adders (D:5)
  2 shadow imps
  A white imp (D:7)
  An ufetubus (D:6)
  A worm (D:4)
  37 orcs
  2 ball pythons (D:4)
  An endoplasm (D:4)
  A giant cockroach (D:4)
  A hobgoblin (D:4)
  A jackal (D:4)
  2 quokkas
  7 kobolds
  A quokka zombie (Crypt:3)
  A rat (D:4)
  A briar patch (Depths:3)
  A fire vortex (Volcano)
  3 tentacles
792 creatures vanquished.

Vanquished Creatures (others)
  A deep elf master archer (Elf:3)
  A shadow dragon (Zot:5)
  A deep elf elementalist (Elf:3)
  A draconian stormcaller (Zot:5)
  A stone giant (Vaults:5)
  A deep elf death mage (Elf:1)
  A yaktaur captain (Vaults:5)
  A vault guard (Vaults:5)
  An ironbound frostheart (Vaults:3)
  A satyr (Depths:3)
  A vampire mage (Depths:3)
  A deep elf archer (Elf:1)
  A deep elf pyromancer (Elf:1)
  2 moths of wrath (Zot:1)
  A faun (Depths:3)
  5 yaktaurs
  A chaos spawn (Abyss:3)
  A neqoxec (Abyss:3)
  A naga (Snake:2)
  2 centaurs (D:9)
  A gnoll sergeant (D:9)
  2 gnolls (D:9)
  48 knights
  An ancestor (Sewer)
  A briar patch (Depths:3)
  A fire vortex (Volcano)
  13 fungi
  204 plants
  11 tentacles
  21 withered plants (Lair:5)
329 creatures vanquished.

Grand Total: 2964 creatures vanquished

Notes
Turn   | Place    | Note
-------+----------+-------------------------------------------
     0 | D:1      | MrSquiggles the Minotaur Fighter began the quest for the
                  | Orb.
     0 | D:1      | Reached XP level 1. HP: 19/19 MP: 0/0
   174 | D:1      | Reached XP level 2. HP: 27/27 MP: 1/1
  1032 | D:2      | Reached XP level 3. HP: 33/33 MP: 2/2
  1467 | D:2      | Reached XP level 4. HP: 4/41 MP: 3/3
  1709 | D:3      | Found a hazy altar of Hepliaklqana.
  1731 | D:3      | Became a worshipper of Hepliaklqana the Forgotten
  1951 | D:3      | Reached XP level 5. HP: 12/47 MP: 4/4
  3098 | D:4      | Reached * piety under Hepliaklqana
  3167 | D:4      | Found a glowing drain.
  3172 | D:4      | Reached skill level 5 in Fighting
  3208 | Sewer    | Entered a sewer
  3235 | Sewer    | Noticed Pargi
  3253 | Sewer    | Killed Pargi
  3254 | Sewer    | Reached skill level 5 in Armour
  3254 | Sewer    | Reached skill level 5 in Shields
  3254 | Sewer    | Reached XP level 6. HP: 47/50 MP: 5/5
  3441 | D:4      | Reached skill level 1 in Invocations
  3509 | D:4      | Reached skill level 5 in Polearms
  3677 | D:4      | Reached XP level 7. HP: 55/55 MP: 7/7
  3734 | D:4      | Reached ** piety under Hepliaklqana
  3735 | D:4      | Remembered your ancestor Sanele as a knight
  3999 | D:5      | Entered Level 5 of the Dungeon
  3999 | D:5      | Noticed Blork the orc
  4008 | D:5      | Killed Blork the orc
  4309 | D:5      | Found a staircase to the Ecumenical Temple.
  4493 | D:6      | Found Bamif's Book Shop.
  4501 | D:6      | Reached XP level 8. HP: 63/63 MP: 9/9
  5124 | D:7      | Found Fal Hedgh's Assorted Antiques.
  5210 | D:7      | Noticed a hornet
  5215 | D:7      | Noticed a troll
  5220 | D:7      | Killed a hornet
  5226 | D:7      | Reached XP level 9. HP: 72/72 MP: 11/11
  5228 | D:7      | Killed a troll
  5231 | D:7      | Reached skill level 5 in Invocations
  5239 | D:7      | Noticed a red ugly thing
  5271 | D:7      | Killed a red ugly thing
  5339 | D:7      | Noticed a two-headed ogre
  5350 | D:7      | Killed a two-headed ogre
  5422 | D:7      | Killed an unseen horror
  5423 | D:7      | Reached XP level 10. HP: 81/81 MP: 13/13
  5600 | D:7      | Reached *** piety under Hepliaklqana
  5637 | D:7      | Identified the +2 great sword "Rihoq" {heavy, *Slow Str+3
                  | Int+3 Dex+6}
  5637 | D:7      | Found the +7 captain's cutlass {speed, disarm}
  5884 | D:7      | Found a bloodstained altar of Trog.
  6212 | D:7      | Found a broken altar of Ashenzari.
  6221 | D:7      | Found a white marble altar of Elyvilon.
  6236 | D:7      | Found a glowing silver altar of Zin.
  6237 | D:7      | Found an ancient bone altar of Kikubaaqudgha.
  6370 | D:7      | Found a shimmering blue altar of Sif Muna.
  6370 | D:7      | Found a blossoming altar of Fedhas.
  6371 | D:7      | Found an opulent altar of Gozag.
  6373 | D:7      | Found a shadowy altar of Dithmenos.
  6590 | D:8      | Reached skill level 10 in Fighting
  6590 | D:8      | Noticed Pikel
  6597 | D:8      | Reached skill level 10 in Armour
  6600 | D:8      | Killed Pikel
  6917 | D:8      | Reached skill level 10 in Polearms
  7306 | D:8      | Reached **** piety under Hepliaklqana
  7478 | D:9      | Found a flagged portal.
  7487 | Bailey   | Entered a bailey
  7582 | Bailey   | Found a large runed translucent door.
  7582 | Bailey   | Found a large runed translucent door.
  7583 | Bailey   | Noticed a deep elf zephyrmancer
  7642 | Bailey   | Noticed an orc knight
  7654 | Bailey   | Killed an orc knight
  7655 | Bailey   | Reached XP level 11. HP: 90/90 MP: 15/15
  7683 | Bailey   | Killed a deep elf zephyrmancer
  7702 | Bailey   | Got the Monograph on Concussion
  7820 | D:9      | Noticed a brown ugly thing
  7821 | D:9      | Found a transporter.
  7823 | D:9      | Found a transporter.
  7823 | D:9      | Found a corrupted altar of Lugonu.
  8376 | D:9      | Found a shimmering altar of Xom.
  8411 | D:9      | Noticed a two-headed ogre
  8420 | D:9      | Killed a two-headed ogre
  8592 | D:9      | Noticed a red ugly thing
  8595 | D:9      | Noticed a white ugly thing
  8760 | D:10     | Entered Level 10 of the Dungeon
  8760 | D:10     | Noticed a deep elf pyromancer
  8770 | D:10     | Killed a deep elf pyromancer
  9571 | D:10     | Reached XP level 12. HP: 101/101 MP: 18/18
 10289 | D:11     | Found a flickering gateway to a bazaar.
 10327 | Bazaar   | Entered a bazaar
 10341 | Bazaar   | Found Rafyanithra's Magic Scroll Shoppe.
 10357 | Bazaar   | Found Udeoraph's Armour Emporium.
 10373 | Bazaar   | Found Zyggux's Assorted Antiques.
 10373 | Bazaar   | Found Osmid's Antique Armour Shoppe.
 10384 | Bazaar   | Bought a pair of glowing gloves for 105 gold pieces
 10384 | Bazaar   | Bought a smoking plate armour for 392 gold pieces
 10384 | Bazaar   | Identified the +4 plate armour of Mumblety Peg {+Blink
                  | Int+2} (You bought it in a shop in a bazaar)
 10384 | Bazaar   | Bought a glowing cloak for 105 gold pieces
 10425 | Bazaar   | Found Tehoph's Distillery.
 10497 | Bazaar   | Bought a scroll of enchant weapon for 52 gold pieces
 10776 | D:11     | Reached skill level 1 in Dodging
 10793 | D:11     | Reached skill level 1 in Throwing
 10793 | D:11     | Reached skill level 1 in Evocations
 11052 | D:11     | Found a staircase to the Orcish Mines.
 11125 | D:11     | Found a staircase to the Lair.
 11301 | D:12     | Noticed Josephine
 11334 | Lair:1   | Entered Level 1 of the Lair of Beasts
 12049 | Lair:1   | Reached ***** piety under Hepliaklqana
 12185 | Lair:1   | Noticed Urug
 12198 | Lair:1   | Killed Urug
 12473 | Lair:2   | Noticed Prince Ribbit
 12485 | Lair:2   | Killed Prince Ribbit
 12489 | Lair:2   | Reached skill level 5 in Dodging
 12499 | Lair:2   | Reached XP level 13. HP: 66/107 MP: 19/19
 12777 | Lair:2   | Found a staircase to the Snake Pit.
 12808 | Lair:2   | Reached skill level 5 in Throwing
 12853 | Lair:2   | Reached skill level 5 in Evocations
 13008 | Lair:2   | Noticed Gastronok
 13019 | Lair:2   | Killed Gastronok
 13182 | Lair:2   | Found a staircase to the Shoals.
 14859 | Lair:3   | Reached skill level 10 in Invocations
 15989 | Lair:4   | Reached XP level 14. HP: 102/116 MP: 20/20
 17867 | Lair:5   | Entered Level 5 of the Lair of Beasts
 18045 | Lair:5   | Noticed Nessos
 18050 | Lair:5   | Killed Nessos
 18340 | Lair:5   | Found a dark tunnel.
 18348 | Volcano  | Entered a volcano
 19018 | Lair:5   | Found a staircase to the Slime Pits.
 19087 | Lair:5   | Reached ****** piety under Hepliaklqana
 19361 | Lair:5   | Found a runed translucent door.
 19361 | Lair:5   | Noticed demibob's ghost (journeyman HOWn)
 20088 | Lair:5   | Killed demibob's ghost
 20739 | Lair:5   | Reached XP level 15. HP: 115/124 MP: 22/22
 21554 | Orc:1    | Entered Level 1 of the Orcish Mines
 22218 | Orc:1    | Noticed Maurice
 22224 | Orc:1    | Killed Maurice
 22337 | Orc:2    | Entered Level 2 of the Orcish Mines
 22337 | Orc:2    | Found a staircase to the Elven Halls.
 22547 | Orc:2    | Noticed Saint Roka
 23294 | D:12     | Killed Josephine
 23405 | D:12     | You fall into a shaft and drop 1 floor!
 23701 | D:13     | Found a gate to the Vaults.
 24516 | D:13     | Identified the +5 great mace of Ancient Evil {vamp, Int+3}
 24939 | D:12     | Found a shimmering blue altar of Sif Muna.
 24986 | D:12     | Reached skill level 10 in Shields
 25774 | D:14     | Reached skill level 15 in Armour
 25947 | D:14     | Reached XP level 16. HP: 132/132 MP: 23/23
 25950 | D:14     | Reached skill level 15 in Fighting
 26132 | D:14     | Found a shadowy altar of Dithmenos.
 26637 | Orc:2    | Killed Saint Roka
 26760 | Orc:2    | Reached skill level 10 in Dodging
 27212 | Orc:2    | Found Nafant's Armour Shop.
 27212 | Orc:2    | Found Cahugual's Antique Weapon Shoppe.
 27228 | Orc:2    | Found Yshava's Book Boutique.
 27228 | Orc:2    | Found Goshrifa's Magic Scroll Shoppe.
 27237 | Orc:2    | Bought the +3 crown of Dyrovepreva {rElec Int+2 SInv} for
                  | 455 gold pieces
 27237 | Orc:2    | Found the +3 crown of Dyrovepreva {rElec Int+2 SInv}
 27248 | Orc:2    | Bought a scroll of identify for 24 gold pieces
 27248 | Orc:2    | Bought a scroll of identify for 24 gold pieces
 27474 | Orc:2    | Noticed Rupert
 27497 | Orc:2    | Killed Rupert
 27588 | Orc:2    | Found Teckemp's Antique Armour Emporium.
 27597 | Orc:2    | Bought a fading cloak for 332 gold pieces
 27597 | Orc:2    | Identified the +2 cloak "Pynejeb" {Harm Will+} (You bought
                  | it in a shop on level 2 of the Orcish Mines)
 27597 | Orc:2    | Bought a pair of runed boots for 262 gold pieces
 27855 | Orc:2    | Bought a scroll of blinking for 90 gold pieces
 27855 | Orc:2    | Bought a scroll of fog for 48 gold pieces
 27855 | Orc:2    | Bought a scroll of blinking for 90 gold pieces
 27855 | Orc:2    | Bought a scroll of fog for 48 gold pieces
 27967 | Snake:1  | Entered Level 1 of the Snake Pit
 29954 | Snake:2  | Reached skill level 10 in Throwing
 30914 | Snake:2  | Identified the +1 robe "Faiqumm" {Will+}
 31673 | Snake:2  | Reached XP level 17. HP: 91/142 MP: 22/25
 32047 | Snake:2  | Found Caeci's Book Emporium.
 32049 | Snake:2  | Found Huots's Magic Scroll Shoppe.
 32049 | Snake:2  | Found Kamugo's General Store.
 32060 | Snake:2  | Found Afraqosm's Magic Scroll Shoppe.
 32304 | Snake:2  | Found Giyvyi's General Store.
 34165 | Snake:4  | Entered Level 4 of the Snake Pit
 34350 | Snake:4  | Noticed Nikola
 34359 | Snake:4  | Reached skill level 10 in Evocations
 34370 | Snake:4  | Killed Nikola
 35673 | Snake:4  | Reached XP level 18. HP: 94/151 MP: 27/27
 35885 | Snake:4  | Got a serpentine rune of Zot
 36206 | D:15     | Entered Level 15 of the Dungeon
 36384 | D:15     | Found a staircase to the Depths.
 37451 | Depths:1 | Entered Level 1 of the Depths
 37454 | Depths:1 | Noticed a lich
 37461 | Depths:1 | Killed a lich
 37507 | Depths:1 | Found a gateway to Hell.
 37951 | Vaults:1 | Entered Level 1 of the Vaults
 40440 | Vaults:2 | Noticed Margery
 40878 | Vaults:1 | Killed Margery
 41194 | Snake:2  | Bought a scroll of identify for 24 gold pieces
 41198 | Snake:2  | Identified a scroll of acquirement
 41201 | Snake:2  | Acquired a manual of Armour
 41517 | Vaults:2 | Reached XP level 19. HP: 159/159 MP: 28/28
 41719 | Shoals:1 | Entered Level 1 of the Shoals
 45866 | Shoals:3 | Noticed Polyphemus
 45885 | Shoals:3 | Killed Polyphemus
 45886 | Shoals:3 | Reached skill level 15 in Shields
 46112 | Shoals:3 | Acquired a manual of Shields
 46275 | Shoals:3 | Found a gateway to a bazaar.
 46288 | Bazaar   | Entered a bazaar
 46292 | Bazaar   | Found Fuboad's General Store.
 46310 | Bazaar   | Found Idiargh's Antique Weapon Emporium.
 46331 | Bazaar   | Found Rul Ysam's Book Boutique.
 46351 | Bazaar   | Found Laaq's Antique Armour Shoppe.
 46378 | Bazaar   | Bought a pair of faintly humming gloves for 180 gold pieces
 46378 | Bazaar   | Identified the +0 pair of gloves of the Bagpipe {+Inv rPois
                  | Str+3 Int-5} (You bought it in a shop in a bazaar)
 46409 | Bazaar   | Bought a wand of iceblast (8) for 211 gold pieces
 46429 | Shoals:3 | Noticed Louise
 46440 | Shoals:3 | Killed Louise
 46761 | Shoals:3 | Found the +4 consecrated labrys {holy, Valiant Fragile Fly
                  | SInv}
 46880 | Shoals:4 | Entered Level 4 of the Shoals
 47673 | Shoals:4 | Found Eronadyq's Self-Improvement Boutique.
 47846 | Shoals:4 | Noticed Ilsuiw
 47860 | Shoals:4 | Killed Ilsuiw
 48157 | Shoals:4 | Got a barnacled rune of Zot
 48741 | D:15     | Reached XP level 20. HP: 99/170 MP: 29/29
 49344 | Depths:1 | Found a bloodstained altar of Trog.
 49352 | Depths:1 | Paralysed by a floating eye for 3 turns
 50522 | Depths:2 | Found a sacrificial altar of Ru.
 50799 | Depths:2 | Found a one-way gate leading to the halls of Pandemonium.
 51154 | Depths:2 | HP: 4/170 [fire giant/fireball (29)]
 52488 | Depths:3 | Reached skill level 15 in Invocations
 52500 | Depths:3 | Found a one-way gate to the infinite horrors of the Abyss.
 52512 | Depths:3 | Noticed a doom hound
 52522 | Depths:3 | Noticed a doom hound
 52526 | Depths:3 | Killed a doom hound
 52526 | Depths:3 | Noticed Grunn
 52531 | Depths:3 | Noticed a bone dragon
 52532 | Depths:3 | Killed a doom hound
 52539 | Depths:3 | Killed a bone dragon
 53845 | Depths:3 | Killed Grunn
 53934 | Depths:3 | Found a one-way gateway to a ziggurat.
 54293 | Depths:3 | Noticed the Enchantress
 54302 | Depths:3 | Killed the Enchantress
 54305 | Depths:3 | Reached XP level 21. HP: 171/178 MP: 31/31
 54316 | Depths:3 | Identified the +1 plate armour of the Enchanted Forest
                  | {+Inv rCorr Dex+2}
 54522 | Depths:4 | Entered Level 4 of the Depths
 54927 | Vaults:2 | Paralysed by a sphinx for 3 turns
 55920 | Vaults:2 | Found a runed translucent gate.
 55920 | Vaults:2 | Found a runed translucent gate.
 55920 | Vaults:2 | Found a runed translucent gate.
 56320 | Vaults:2 | Found a staircase to the Crypt.
 56417 | Vaults:2 | Noticed Zissick's ghost (adept MiBr)
 56454 | Vaults:2 | Killed Zissick's ghost
 56459 | Vaults:2 | Identified the ring of the Greedy {rF+ Will- Str+6 Slay+2}
 56684 | Vaults:3 | Noticed Frederick
 56688 | Vaults:3 | Noticed Xtahua
 56695 | Vaults:3 | Killed Frederick
 56703 | Vaults:3 | Killed Xtahua
 56900 | Vaults:3 | Found Verysant's Jewellery Shop.
 57448 | Vaults:3 | Reached skill level 15 in Dodging
 57557 | Vaults:3 | Reached skill level 15 in Polearms
 57638 | Vaults:3 | Reached XP level 22. HP: 81/188 MP: 32/32
 59189 | Vaults:4 | Found Anlidgh's Armour Emporium.
 59289 | Vaults:4 | Found a runed translucent door.
 59289 | Vaults:4 | Noticed Yhaurph's ghost (adept MiFi)
 60023 | Vaults:4 | Killed Yhaurph's ghost
 60577 | Snake:2  | Bought a scroll of blinking for 120 gold pieces
 60577 | Snake:2  | Bought 2 scrolls of blinking for 240 gold pieces
 60717 | Slime:1  | Entered Level 1 of the Pits of Slime
 60719 | Slime:1  | Gained mutation: You sometimes lose your temper in combat.
                  | [a shining eye]
 60852 | Slime:2  | Noticed Dissolution
 60858 | Slime:2  | Gained mutation: You have an uncontrollable temper. [a
                  | shining eye]
 60859 | Slime:2  | Killed Dissolution
 60862 | Slime:2  | Gained mutation: Potions are less effective at restoring
                  | your health. [a shining eye]
 61095 | Slime:5  | Entered Level 5 of the Pits of Slime
 61281 | Slime:5  | Reached skill level 15 in Throwing
 62031 | Slime:5  | Reached XP level 23. HP: 195/195 MP: 29/34
 62327 | Slime:5  | Noticed the Royal Jelly
 62337 | Slime:5  | Killed the Royal Jelly
 62536 | Slime:5  | Identified the ring "Rokaben" {Will+ AC+4 Str+4 Int-3}
 62550 | Slime:5  | Got a slimy rune of Zot
 62557 | Slime:5  | Identified the +5 battleaxe "Exoqia" {protect, *Rage Str+5
                  | Int+2 Stlth+}
 62581 | Slime:5  | Identified the ring "Cebeask" {Fly rN+ Int+4}
 62621 | Slime:5  | Got the Annotations on Virulence
 62626 | Slime:5  | Got the Elucidation of the Gusty Bane
 63491 | Depths:4 | Lost mutation: You have an uncontrollable temper. [potion
                  | of mutation]
 63491 | Depths:4 | Lost mutation: Potions are less effective at restoring your
                  | health. [potion of mutation]
 63491 | Depths:4 | Lost mutation: You sometimes lose your temper in combat.
                  | [potion of mutation]
 63491 | Depths:4 | Gained mutation: Your flesh is heat resistant. (rF+)
                  | [potion of mutation]
 63491 | Depths:4 | Gained mutation: You are vulnerable to cold. (rC-) [potion
                  | of mutation]
 63491 | Depths:4 | Gained mutation: Your skin changes colour to match your
                  | surroundings (Stealth+). [potion of mutation]
 63904 | Depths:4 | Noticed a caustic shrike
 63908 | Depths:4 | Noticed a caustic shrike
 63912 | Depths:4 | Noticed a caustic shrike
 63913 | Depths:4 | Noticed a caustic shrike
 63919 | Depths:3 | Killed a caustic shrike
 64128 | Depths:4 | Noticed a caustic shrike
 64133 | Depths:3 | Killed a caustic shrike
 64141 | Depths:3 | Killed a caustic shrike
 64158 | Depths:3 | Killed a caustic shrike
 64362 | Depths:4 | Killed a caustic shrike
 65645 | Snake:2  | Bought 3 scrolls of fear for 192 gold pieces
 65980 | Vaults:5 | Entered Level 5 of the Vaults
 65991 | Vaults:5 | Noticed an ancient lich
 66030 | Vaults:4 | Killed an ancient lich
 66374 | Vaults:5 | Identified the ring "Oziukhlyv" {Will+ Str+6 Int+3}
 66695 | Vaults:5 | Identified the ring of the Hurtling Gods {rPois MP+9 Int-2
                  | Dex+6 Stlth+}
 66719 | Vaults:5 | Reached XP level 24. HP: 177/205 MP: 34/34
 67262 | Vaults:5 | Identified the +3 rapier "Jofenoke" {venom, rF+ Str+3 Dex+4
                  | Stlth+}
 67273 | Vaults:5 | Identified the ring "Jirudgho" {rN+ MP+9}
 67332 | Vaults:5 | Identified the amulet "Qocsidghy" {Acrobat rF- Int+6}
 67617 | Vaults:5 | Got a silver rune of Zot
 68016 | Elf:1    | Entered Level 1 of the Elven Halls
 68931 | Elf:1    | Reached skill level 15 in Evocations
 68955 | Elf:1    | Found an ancient bone altar of Kikubaaqudgha.
 69405 | Elf:1    | Got the Elucidation of Maleficent Rituals
 69567 | Elf:2    | Paralysed by an air elemental for 1 turns
 69805 | Elf:2    | Noticed Azrael
 69817 | Elf:2    | Killed Azrael
 69899 | Elf:2    | Found a runed translucent gate.
 69899 | Elf:2    | Found a runed translucent gate.
 69899 | Elf:2    | Found a runed translucent gate.
 70446 | Elf:3    | Entered Level 3 of the Elven Halls
 70464 | Elf:3    | Paralysed by an air elemental for 1 turns
 70546 | Elf:3    | Paralysed by an air elemental for 1 turns
 70788 | Elf:3    | Found Beot's Jewellery Shoppe.
 70790 | Elf:3    | Found Cubaiw's Book Boutique.
 70795 | Elf:3    | Found Finiu's Jewellery Shoppe.
 70809 | Elf:3    | Acquired the ring "Tistadd" {Fly rF- rN+++ Will+ Dex+5}
 70821 | Elf:3    | Bought the ring "Cuhoib" {rF+ Str+3 Int+6 Slay+2} for 711
                  | gold pieces
 71248 | Elf:3    | Got the Excursus on Massed Toxicity
 71249 | Elf:3    | Identified the +1 plate armour "Fuuf" {Rampage Will+ Int+4}
 71255 | Elf:3    | Identified the +1 plate armour of the True Pharaoh {rPois
                  | Will++ Str-3 Dex+3}
 71260 | Elf:3    | Got the Cyclopedia of Blows
 71301 | Elf:3    | Identified the +1 dagger of Fedhas, Nurturing {heavy, SInv}
 71310 | Elf:3    | Identified the +5 lajatang of Inquiry {protect, Str+2}
 71325 | Elf:3    | Found the +8 lance "Wyrmbane" {slay drac, rPois rF+ rC+
                  | AC+3}
 71332 | Elf:3    | Identified the +1 rapier "Heunow" {vamp, rPois}
 71332 | Elf:3    | Identified the ring of Eral {rElec rPois}
 71401 | Elf:3    | Identified the ring of Femm {Drain rPois MP+9 Dex+6}
 71416 | Elf:3    | Identified the ring of Zumer {Int+3 SInv}
 72169 | Crypt:1  | Entered Level 1 of the Crypt
 72181 | Crypt:1  | Noticed Bai Suzhen
 72208 | Crypt:1  | Killed Bai Suzhen
 72449 | Crypt:1  | Reached XP level 25. HP: 211/214 MP: 35/35
 72750 | Crypt:1  | Identified the +7 short sword "Pendulum" {protect, Fly}
 74087 | Crypt:3  | Entered Level 3 of the Crypt
 74106 | Abyss:3  | Cast into level 3 of the Abyss (reaper)
 74113 | Abyss:3  | Found a corrupted altar of Lugonu.
 74147 | Abyss:3  | Found a corrupted altar of Lugonu.
 74295 | Abyss:3  | Found a corrupted altar of Lugonu.
 74383 | Abyss:3  | Found a corrupted altar of Lugonu.
 74389 | Abyss:3  | Found a corrupted altar of Lugonu.
 74538 | Abyss:3  | Got an abyssal rune of Zot
 74546 | Crypt:3  | Escaped the Abyss
 74552 | Crypt:3  | Found a staircase to the Tomb.
 75236 | Crypt:3  | Noticed an ancient lich
 75254 | Crypt:3  | Killed an ancient lich
 75407 | Crypt:3  | Found an ancient bone altar of Kikubaaqudgha.
 75413 | Crypt:3  | Got the Meditations on Evil Words
 75415 | Crypt:3  | Found a basalt altar of Yredelemnul.
 75520 | Crypt:3  | Noticed an ancient lich
 75531 | Crypt:3  | Killed an ancient lich
 75761 | Crypt:3  | Found the amulet of the Four Winds {rN+ Will+++ Clar}
 75793 | Crypt:3  | Upgraded the game from 0.30-a0-883-g5ad918d77d to
                  | 0.30-a0-900-g23479c02f2
 76269 | Depths:4 | Identified the +8 dagger of the Final Decision {holy, rElec
                  | Int+2}
 76295 | Depths:4 | Noticed Jory
 76321 | Depths:4 | Killed Jory
 76501 | Depths:4 | Found a gate to the Realm of Zot.
 76556 | Depths:4 | Noticed Mennas
 76605 | Depths:4 | Killed Mennas
 76714 | Depths:4 | Found a hide-covered altar of Uskayaw.
 77030 | Zot:1    | Entered Level 1 of the Realm of Zot
 77122 | Zot:1    | Noticed Cemmere's ghost (veteran TrCK)
 77123 | Zot:1    | Found a transporter.
 77297 | Zot:1    | Noticed a Killer Klown
 77308 | Zot:1    | Found a transporter.
 77735 | Zot:1    | Reached XP level 26. HP: 194/225 MP: 35/35
 78483 | Zot:2    | Identified the +6 broad axe of Pyromania {vamp, *Noise
                  | Fragile Str+9 Stlth+}
 78985 | Zot:2    | Noticed an orb of fire
 79002 | Zot:2    | Killed an orb of fire
 81755 | Zot:4    | Found the +4 dragonskin cloak
 81755 | Zot:4    | Noticed Tiamat
 81815 | Zot:4    | Killed Tiamat
 83399 | Zot:5    | Entered Level 5 of the Realm of Zot
 83405 | Zot:5    | Noticed an orb of fire
 83414 | Zot:5    | a Killer Klown changed into a juggernaut
 83414 | Zot:5    | Noticed a juggernaut
 83420 | Zot:5    | Killed an orb of fire
 83433 | Zot:5    | Killed a juggernaut
 83572 | Zot:5    | Identified the +2 cloak "Basom" {Str+2}
 83576 | Zot:5    | Noticed sirJeffrey23's ghost (legendary HuHu)
 83585 | Zot:5    | Found a transporter.
 83586 | Zot:5    | Found a bloodstained altar of Trog.
 83587 | Zot:5    | Identified the +0 cloak of Hangman {rPois rCorr}
 83593 | Zot:5    | Found a transporter.
 83647 | Zot:5    | Found a transporter.
 83811 | Zot:5    | Found a transporter.
 83871 | Zot:5    | Reached XP level 27. HP: 50/234 MP: 35/35
 83889 | Zot:5    | Killed sirJeffrey23's ghost
 84151 | Zot:5    | Got the Papyrus of Jinxing and the Black Widow
 84225 | Zot:5    | Identified the +5 short sword "Pecemypp" {elec, rPois
                  | Str+3}
 84876 | Zot:5    | Noticed an ancient lich
 84895 | Zot:5    | Killed an ancient lich
 85986 | Zot:5    | Noticed a dread lich
 85994 | Zot:5    | Killed a dread lich
 86135 | Zot:5    | Noticed a dread lich
 86146 | Zot:5    | Killed a dread lich
 86211 | Zot:5    | Noticed an orb of fire
 86213 | Zot:5    | Gained mutation: Your muscles are strong. (Str +4, Int/Dex
                  | -1) [an orb of fire]
 86216 | Zot:5    | Noticed an orb of fire
 86217 | Zot:5    | Gained mutation: Your spells are a little easier to cast,
                  | but a little less powerful. [an orb of fire]
 86220 | Zot:5    | Gained mutation: You are occasionally teleported next to
                  | monsters. [an orb of fire]
 86235 | Zot:5    | Killed an orb of fire
 86236 | Zot:5    | Killed an orb of fire
 86249 | Zot:5    | Noticed an orb of fire
 86264 | Zot:5    | Killed an orb of fire
 86285 | Zot:5    | Noticed a dread lich
 86293 | Zot:5    | Killed a dread lich
 86554 | Zot:5    | Noticed a dread lich
 86566 | Zot:5    | Killed a dread lich
 86617 | Zot:5    | Noticed an orb of fire
 86617 | Zot:5    | Noticed an orb of fire
 86617 | Zot:5    | Noticed an orb of fire
 86618 | Zot:5    | Lost mutation: Your muscles are strong. (Str +4, Int/Dex
                  | -1) [an orb of fire]
 86619 | Zot:5    | Gained mutation: You occasionally lose the ability to read
                  | scrolls when taking damage. [an orb of fire]
 86622 | Zot:5    | Gained mutation: You occasionally shout uncontrollably at
                  | your foes. [an orb of fire]
 86624 | Zot:5    | Gained mutation: Your magical capacity is low. (-10% MP)
                  | [an orb of fire]
 86629 | Zot:5    | Killed an orb of fire
 86639 | Zot:5    | Gained mutation: Your magical capacity is very low. (-20%
                  | MP) [an orb of fire]
 86640 | Zot:5    | Killed an orb of fire
 86643 | Zot:5    | Killed an orb of fire
 87045 | Zot:5    | Noticed an orb of fire
 87064 | Zot:5    | Killed an orb of fire
 87283 | Zot:5    | Lost mutation: You are occasionally teleported next to
                  | monsters. [potion of mutation]
 87283 | Zot:5    | Lost mutation: Your spells are a little easier to cast, but
                  | a little less powerful. [potion of mutation]
 87283 | Zot:5    | Lost mutation: Your flesh is heat resistant. (rF+) [potion
                  | of mutation]
 87284 | Zot:5    | Lost mutation: You occasionally lose the ability to read
                  | scrolls when taking damage. [potion of mutation]
 87284 | Zot:5    | Lost mutation: Your skin changes colour to match your
                  | surroundings (Stealth+). [potion of mutation]
 87284 | Zot:5    | Gained mutation: You have a pair of large horns on your
                  | head. [potion of mutation]
 87284 | Zot:5    | Lost mutation: You are vulnerable to cold. (rC-) [potion of
                  | mutation]
 87285 | Zot:5    | Lost mutation: You occasionally shout uncontrollably at
                  | your foes. [potion of mutation]
 87285 | Zot:5    | Lost mutation: Your magical capacity is very low. (-20% MP)
                  | [potion of mutation]
 87285 | Zot:5    | Lost mutation: You have a pair of large horns on your head.
                  | [potion of mutation]
 87285 | Zot:5    | Gained mutation: You have very sharp teeth. [potion of
                  | mutation]
 87285 | Zot:5    | Gained mutation: Your natural rate of healing is unusually
                  | fast. [potion of mutation]
 87285 | Zot:5    | Gained mutation: You are agile. (Dex +4, Str/Int -1)
                  | [potion of mutation]
 88603 | Elf:3    | Bought the ring of the Tortoise {AC+8} for 1408 gold pieces
 88603 | Elf:3    | Found the ring of the Tortoise {AC+8}
 89095 | Zot:5    | Got the Orb of Zot
 89229 | Zot:1    | Noticed Lairots the pandemonium lord
 89576 | D:$      | Escaped with the Orb!

Illustrated notes

Levels and vault maps discovered:
D:1:      dpeg_arrival_water_fire, layout_loops_corners
D:2:      layout_rooms
D:3:      layout_rooms, mainiacjoe_overflow_concentric_impassable, serial_glass,
          glass_columns_a, glass_columns_a, lemuel_flame_loot_1
D:4:      layout_basic, portal_sewer_entry_b, st_stairs_9, minmay_box_of_dots
D:5:      layout_rooms, minmay_temple_entry_offerings,
          nicolae_figureground_sparkle, uniq_blork_the_orc
D:6:      layout_rooms, chequers_serial_rivers_micro_c,
          small_statue_intersection, minmay_misc_feat_rugged,
          nicolae_stop_n_shop_1
D:7:      minmay_the_grid_square_5x5_3x3 [minmay_the_grid_square_5x5_two,
          minmay_the_grid_square_5x5_slash, minmay_the_grid_square_5x5_n_small,
          minmay_the_grid_square_5x5_two_walls_a,
          minmay_the_grid_square_5x5_megaprize_checkered,
          minmay_the_grid_square_5x5_inner_z, minmay_the_grid_square_5x5_plus,
          minmay_the_grid_square_5x5_half_checkered,
          minmay_the_grid_square_5x5_v], layout_loops_corners,
          nicolae_overflow_hallway_of_the_gods, serial_shops,
          nicolae_stop_n_shop_1, minmay_manual_moon
D:8:      layout_loops_cross, pf_guarded_unrand_woodcutter, uniq_pikel
D:9:      gammafunk_corrupted_shrine, layout_long_grid, xom_confusion_cloud,
          enter_bailey_6, kennysheep_generic_room_10
D:10:     layout_basic
D:11:     layout_roguey [special_room_kobold], hellmonk_lair_entry_icy,
          orc_0_dummy, serial_shops, bzr_in_the_mist
D:12:     nooodl_glass_maze, layout_cross, nicolae_sif_muna_little_library,
          uniq_josephine
D:13:     minmay_statue_hallways, layout_basic,
          hangedman_vaults_entry_quadrant_bands
D:14:     layout_stronghold, grunt_dithmenos_shadows
D:15:     hangedman_depths_entry_civil_slaughter, layout_rooms, serial_curves,
          eino_curves_04, eino_curves_01, nicolae_eternal_life,
          nicolae_looking_at_the_future
Lair:1:   layout_regular_city, uniq_urug
Lair:2:   layout_gridlike, minmay_shoals_entry_lonely_mermaid,
          guppyfry_snake_entry_island, serial_bayou_pond_d,
          infiniplex_staircase_pool, uniq_prince_ribbit2, uniq_gastronok
Lair:3:   layout_cave_pods
Lair:4:   layout_small_grid, grunt_megastairs_2
Lair:5:   due_jungle_book, layout_small_grid, slime_entry_1,
          ebering_ghost_inner_flame, nicolae_volcano_entry_vermiform,
          fungi_pond_lemuel, uniq_nessos
Shoals:1: layout_shoals, nicolae_shoals_nautilus_by_nature
Shoals:2: layout_shoals
Shoals:3: layout_shoals, serial_shops, statue_bzr, uniq_louise, uniq_polyphemus
Shoals:4: shoals_end_simple, layout_shoals, shoals_ilsuiw_alternative,
          nicolae_shop_self_help
Snake:1:  layout_onion
Snake:2:  layout_misc_corridors, serial_shops, shop,
          nicolae_snake_salamander_jacuzzi, minmay_shoptagon,
          serial_bayou_shore_a
Snake:3:  layout_grid_maze
Snake:4:  minmay_snake_end_coiled, layout_gridlike, uniq_nikola
Slime:1:  layout_caves
Slime:2:  layout_caves, dissolution_awaits
Slime:3:  layout_caves
Slime:4:  layout_caves
Slime:5
Orc:1:    layout_diamond_mine, uniq_maurice
Orc:2:    st_orc_ogre_mass, layout_caves, serial_shops, shop, mines1_david,
          uniq_saint_roka, uniq_rupert
Elf:1:    eino_elf_arrival_customs, layout_loops_cross, basic_altar,
          minmay_elf_necromancy, nicolae_elf_martial_mastery
Elf:2:    nicolae_elf_blades_splatter_lattice
          [nicolae_blade_entry_floor_patterns], layout_geoelf_diagonals,
          nicolae_wwwww, minmay_misc_feat_columns, uniq_azrael
Elf:3:    minmay_elf_hall_spiked, layout_loops_ring, minmay_shop_grove
Vaults:1: hangedman_vaults_pinch, vaults_mumra_minichess, hangedman_vaults_maws,
          vaults_room_grunt_arrival_ludios, hangedman_vaults_stretched_pinwheel,
          nicolae_vaults_sealed_display, v_alt_pattern_1,
          nicolae_vaults_little_squares_3, ontoclasm_vaults_eye,
          layout_vaults_omnigrid
Vaults:2: gammafunk_ghost_necromancy, v_misc_27, grunt_vaults_trifunnel,
          nicolae_vaults_what_the_h, hangedman_vaults_snaps,
          dpeg_vaults_monster_box, nicolae_vaults_border_crossing,
          vaults_room_door_ring, blue_anna_dwarven_crypt,
          vaults_dpeg_emergency_exit, st_lattice, vaults_room_door_ring,
          layout_vaults_omnicross, uniq_margery
Vaults:3: serial_ice_h, nicolae_vaults_theta, grunt_vaults_diagonal,
          ontoclasm_vaults_fault, ontoclasm_vaults_claustrophobia,
          st_smaller_cells, grunt_vaults_bifocal, v_rooms_4,
          nicolae_vaults_asterisk, vaults_room_semicircle,
          ontoclasm_vaults_loading_screen, ontoclasm_vaults_misaligned,
          vaults_mumra_minichess_inversion, layout_vaults_ring, serial_shops,
          shop, uniq_frederick, uniq_xtahua
Vaults:4: ebering_ghost_reflecting_pool, nicolae_vaults_octagons,
          ontoclasm_vaults_ligature, nicolae_vaults_bisected_inception,
          vaults_mumra_hexcomb, hangedman_vaults_capsules,
          vaults_room_mumra_shop_pool, nicolae_vaults_bisected_slash,
          vaults_mumra_chevron, nicolae_vaults_triangles, v_misc_23,
          ontoclasm_vaults_misaligned, v_misc_17, v_misc_16,
          nicolae_vaults_ninety_degrees, v_misc_27, vaults_mumra_hex,
          layout_vaults_maze
Vaults:5: serial_shops
Crypt:1:  layout_chaotic_city, st_stairs_9, minivault_23, grunt_megastairs_3,
          grunt_crypt_arrival_webbed, uniq_bai_suzhen
Crypt:2:  layout_misc_corridors
Crypt:3:  lightli_unholy_cathedral, layout_chaotic_city,
          tomb_entry_simple_bobbens
Depths:1: layout_honeycomb, bloody_trog, hellmouth_3, amcnicky_mini_pool_small,
          kennysheep_generic_room_4
Depths:2: thingy_vault, layout_basic, rand_demon_pan_entry_1, pf_coc_iceberg,
          nicolae_ru_great_annihilating_truth, infiniplex_staircase_zigzag_5
Depths:3: grunt_forest_end_winery, layout_cave_shapes, enter_ziggurat_f,
          rand_demon_pan_entry_3, abyss_entry_glasseish, hell_entry,
          nrook_pool_corridor, uniq_grunn, uniq_josephina
Depths:4: evilmike_zot_entry_diamond, layout_cave_pools, rand_demon_pan_entry_5,
          nicolae_uskayaw_suspiria, pf_vacation_house_of_asmodeus, uniq_mennas,
          uniq_parghit, uniq_jory
Zot:1:    layout_concentric_octagons, gammafunk_ghost_abyssal_escape
Zot:2:    layout_basic, drop_trap
Zot:3:    layout_cathedral_of_symmetry
Zot:4:    layout_misc_corridors, hangedman_swamp_dais, uniq_tiamat
Zot:5:    layout_cellular_growth, gammafunk_ghost_wrathful_warriors,
          grunt_ministairs_4, st_stairs_13, nicolae_diode_stairs

Skill      XL: |  1  2  3  4  5  6  7  8  9 10 11 12 13 14 15 16 17 18 19 20 21 22 23 24 25 26 27 |
---------------+----------------------------------------------------------------------------------+-----
Fighting       | 4 5 6 8 9 10 12 13 14 15 16 17 18 19 20 21 22 23 24 | 24.4
Armour         | 4 5 6 7 9 10 12 13 14 15 16 17 19 20 21 22 23 24 | 24.9
Polearms       | 3 4 5 6 7 9 10 12 14 15 16 17 18 19 20 21 | 21.1
Shields        | 4 5 7 8 10 11 12 13 17 20 21 22 23 24 | 24.4
Invocations    | 1 3 4 6 7 9 10 11 12 13 14 15 16 17 18 19 20 | 20.1
Dodging        | 5 6 8 9 10 11 12 13 14 15 16 17 18 19 20 | 20.3
Throwing       | 4 6 7 9 10 11 12 13 14 15 16 | 16.0
Evocations     | 4 6 7 8 9 10 11 12 13 14 15 16 17 | 17.6

Action                     |  1- 3 |  4- 6 |  7- 9 | 10-12 | 13-15 | 16-18 | 19-21 | 22-24 | 25-27 || total
---------------------------+-------+-------+-------+-------+-------+-------+-------+-------+-------++-------
  Melee: Trident           |    98 |   128 |   164 |   674 |  1542 |  1186 |    25 |   739 |   303 ||  4859
         Headbutt          |    10 |    11 |    21 |   103 |   394 |   280 |   265 |   361 |   440 ||  1885
         Cutlass           |       |       |       |     3 |       |       |       |       |       ||     3
         Demon trident     |       |       |       |       |       |    33 |  1198 |   589 |   537 ||  2357
         Lance             |       |       |       |       |       |       |       |    27 |   527 ||   554
         Trishula          |       |       |       |       |       |       |       |       |   185 ||   185
         Bite              |       |       |       |       |       |       |       |       |    12 ||    12
  Throw: Dart              |       |    10 |    54 |   159 |   247 |   100 |   189 |    31 |     8 ||   798
         Boomerang         |       |       |       |     4 |    35 |   478 |   119 |   115 |     5 ||   756
         Javelin           |       |       |       |     3 |    14 |     7 |    21 |    24 |    33 ||   102
         Throwing net      |       |       |       |       |       |       |     2 |       |       ||     2
 Invoke: Ancestor Life: Kn |       |       |     1 |       |       |       |       |       |       ||     1
         Idealise          |       |       |       |     2 |     4 |     9 |     7 |     3 |    10 ||    35
         Transference      |       |       |       |     1 |       |     8 |     4 |     5 |     2 ||    20
         Recall Ancestor   |       |       |       |     2 |     4 |     3 |     2 |     5 |     5 ||    21
Ability: Evoke Blink       |       |       |       |       |       |       |     1 |       |       ||     1
  Evoke: Wand              |       |       |     5 |     9 |     3 |    12 |     9 |    13 |     7 ||    58
         Tin of tremorston |       |       |       |     2 |     5 |     8 |    10 |    14 |    10 ||    49
         Box of beasts     |       |       |       |     2 |     3 |     4 |     3 |     1 |     4 ||    17
         Phantom mirror    |       |       |       |       |     4 |     4 |     4 |     2 |     2 ||    16
         Condenser vane    |       |       |       |       |       |       |     2 |     3 |     2 ||     7
         Lightning rod     |       |       |       |       |       |       |       |     4 |     1 ||     5
         Phial of floods   |       |       |       |       |       |       |       |     1 |     1 ||     2
    Use: Scroll            |       |     5 |       |     7 |    12 |    12 |    12 |    27 |    12 ||    87
         Potion            |       |     1 |     3 |     2 |     6 |    14 |     8 |     9 |     6 ||    49
   Stab: Paralysed         |       |       |       |     1 |       |       |     5 |       |     1 ||     7
         Distracted        |       |       |       |     6 |     9 |    16 |    11 |    23 |    41 ||   106
         Invisible         |       |       |       |       |       |       |     1 |       |       ||     1
         Confused          |       |       |       |       |       |       |       |       |     3 ||     3
 Armour: Scale mail        |    32 |    51 |       |       |       |       |       |       |       ||    83
         Troll leather arm |       |    12 |    34 |   110 |       |       |       |       |       ||   156
         Plate armour      |       |       |       |    63 |   553 |   411 |   367 |   142 |       ||  1536
         Skin              |       |       |       |       |       |       |       |    13 |       ||    13
         Gold dragon scale |       |       |       |       |       |       |       |   366 |   413 ||   779
  Dodge: Dodged            |    37 |    53 |    28 |   177 |   334 |   396 |   357 |   360 |   343 ||  2085
  Block: Buckler           |    19 |    36 |    14 |    87 |   233 |    84 |       |       |       ||   473
         Kite shield       |       |       |       |       |       |   369 |     6 |       |       ||   375
         Tower shield      |       |       |       |       |       |       |  1021 |  1047 |  1141 ||  3209

Table legend: (Time is in decaauts)
 A = Elapsed time spent in this place.
 B = Non-inter-level travel time spent in this place.
 C = Inter-level travel time spent in this place.
 D = Time resting spent in this place.
 E = Time spent auto-exploring this place.
 F = Levels seen in this place.
 G = Mean time per level.
                   A        B        C        D        E       F      G
               +--------+--------+--------+--------+--------+-----+--------+
         Total |  87563 |  74292 |  13271 |  19862 |  35803 |  61 | 1435.5 |
       Dungeon |  19443 |  15108 |   4335 |   2740 |   8658 |  15 | 1296.2 |
          Lair |  10456 |   8759 |   1697 |   1867 |   5115 |   5 | 2091.2 |
        Shoals |   6672 |   6222 |    450 |   2538 |   2375 |   4 | 1668.0 |
     Snake Pit |   8521 |   7676 |    845 |   3254 |   2987 |   4 | 2130.2 |
    Slime Pits |   2353 |   2173 |    180 |   1170 |    249 |   5 |  470.6 |
  Orcish Mines |   3081 |   2605 |    476 |    999 |   1028 |   2 | 1540.5 |
   Elven Halls |   2989 |   2626 |    363 |    106 |   1555 |   3 |  996.3 |
        Vaults |  11739 |   9457 |   2282 |   1493 |   4937 |   5 | 2347.8 |
         Crypt |   3520 |   2923 |    597 |    218 |   1980 |   3 | 1173.3 |
        Depths |   7556 |   6260 |   1296 |   1889 |   2929 |   4 | 1889.0 |
           Zot |   9771 |   9025 |    746 |   3444 |   3808 |   5 | 1954.2 |
         Abyss |    391 |    391 |      0 |      0 |      0 |   1 |  391.0 |
        Bazaar |    356 |    356 |      0 |      0 |    133 |   2 |  178.0 |
         Sewer |    101 |    101 |      0 |      0 |      2 |   1 |  101.0 |
        Bailey |    280 |    280 |      0 |      6 |     45 |   1 |  280.0 |
       Volcano |    328 |    328 |      0 |    136 |      0 |   1 |  328.0 |
               +--------+--------+--------+--------+--------+-----+--------+

Top non-repeatable levels by time:
   Zot:5: 3897 daAuts
 Snake:1: 3591 daAuts
  Lair:5: 3120 daAuts
Vaults:1: 3059 daAuts
Vaults:4: 2664 daAuts
Vaults:2: 2551 daAuts
Depths:2: 2529 daAuts
    D:15: 2527 daAuts
    D:13: 2424 daAuts
Depths:3: 2205 daAuts
  Lair:4: 2184 daAuts
Vaults:3: 2067 daAuts
  Lair:2: 2029 daAuts
Shoals:3: 2004 daAuts
   Orc:1: 1913 daAuts
